 Dungeon Crawl Stone Soup version 0.23-a0-577-g2b1de94 (webtiles) character file.

12500 HobbitsSuk the Martial Artist (level 11, 0/88 HPs)
             Began as a Demonspawn Transmuter on Dec 16, 2018.
             Was a High Priest of Makhleb.
             Slain by a death yak (24 damage)
             ... on level 11 of the Dungeon.
             The game lasted 01:40:10 (21244 turns).

HobbitsSuk the Martial Artist (DsTm)               Turns: 21244, Time: 01:40:11

Health: 0/88       AC:  6    Str: 22    XL:     11   Next: 63%
Magic:  19/20      EV: 17    Int: 17    God:    Makhleb [*****.]
Gold:   749        SH:  0    Dex: 20    Spells: 3/22 levels left

rFire    . . .     SeeInvis .     - Unarmed
rCold    + + +     Gourm    .   (shield currently unavailable)
rNeg     . . .     Faith    .   (armour currently unavailable)
rPois    +         Spirit   .   (helmet currently unavailable)
rElec    .         Reflect  .   (cloak currently unavailable)
rCorr    .         Harm     .   (gloves currently unavailable)
MR       .....                  (boots unavailable)
Stlth    +++.......             (no amulet)
HPRegen  0.24/turn              B - ring "Baclemu" {Str+7 Int+3 Dex-3}
MPRegen  0.17/turn              D - ring of Cedelaa {+Blink rF+ Str+5 Slay-2}

@: agile, ice-form, studying Shields
A: large, powered by pain 1, freezing cloud immunity
a: End Transformation, Minor Destruction, Lesser Servant of Makhleb, Major
Destruction, Greater Servant of Makhleb, Renounce Religion, Evoke Blink


You were on level 11 of the Dungeon.
You worshipped Makhleb.
Makhleb was extremely pleased with you.
You were hungry.
You were a creature of crystalline ice.
You visited 2 branches of the dungeon, and saw 12 of its levels.
You also visited: Sewer and Bailey.

You collected 889 gold pieces.
You spent 140 gold pieces at shops.

Inventory:

Hand Weapons
 a - a +2 dagger of venom
 o - a +0 blowgun
 x - a +2 dagger of electrocution
 J - a +1 scythe of flaming
Missiles
 c - 320 stones
 k - 215 arrows
 t - 32 poisoned needles
 z - 4 tomahawks of returning
 E - 11 tomahawks (quivered)
Armour
 s - a +2 cloak (melded)
 C - a +1 leather armour of magic resistance
 O - the cursed +0 steam dragon scales "Obboz" (melded) {rElec rPois Regen+}
   (You found it on level 9 of the Dungeon)

   It insulates you from electricity.
   It protects you from poison.
   It increases your rate of regeneration.
   It has a curse placed upon it.
 P - the +2 shield of Resistance {rF+ rC+ MR+}
   (You found it on level 9 of the Dungeon)

   It protects you from fire.
   It protects you from cold.
   It affects your resistance to hostile enchantments.
Magical Staves
 N - an uncursed staff of summoning {unknown}
Jewellery
 l - an uncursed ring of protection from cold
 v - an uncursed ring of fire
 B - the ring "Baclemu" (left front paw) {Str+7 Int+3 Dex-3}
   (You found it on level 9 of the Dungeon)

   [ring of intelligence]

   It affects your strength (+7).
   It affects your intelligence (+3).
   It affects your dexterity (-3).
 D - the ring of Cedelaa (right front paw) {+Blink rF+ Str+5 Slay-2}
   (You bought it in a shop on level 4 of the Dungeon)

   [ring of protection from fire]

   It affects your strength (+5).
   It affects your accuracy and damage with ranged weapons and melee attacks
   (-2).
   It protects you from fire.
   It lets you blink.
 I - an uncursed ring of stealth
 Q - a cursed -4 ring of dexterity {unknown}
Wands
 g - a wand of disintegration (6)
 w - a wand of flame (9)
 y - a wand of enslavement (7)
 A - a wand of iceblast (10)
 K - a wand of paralysis (10)
Scrolls
 j - 2 scrolls of enchant armour
 m - 8 scrolls of amnesia
 q - 4 scrolls of remove curse
 r - 7 scrolls of teleportation
 G - 6 scrolls of identify
 H - a scroll of magic mapping
 L - a scroll of fear
 M - a scroll of blinking
Potions
 b - a potion of invisibility
 e - a potion of lignification
 f - 2 potions of might
 i - 4 potions of brilliance
 p - 5 potions of curing
 u - 2 potions of flight
 F - 2 potions of agility
Books
 h - a manual of Shields
Comestibles
 d - 25 rations
 n - 8 chunks of flesh


   Skills:
 * Level 2.8 Fighting
 * Level 3.6 Armour
 - Level 4.1 Dodging
 * Level 10.8 Unarmed Combat
 + Level 6.4 Spellcasting
 + Level 3.3 Hexes
 * Level 7.2 Transmutations
 * Level 4.8 Ice Magic
 - Level 3.3 Poison Magic
 - Level 4.0 Invocations
 + Level 2.8 Evocations


You had 3 spell levels left.
You knew the following spells:

 Your Spells              Type           Power        Failure   Level  Hunger
a - Beastly Appendage     Tmut           ####..       1%          1    None
b - Sticks to Snakes      Tmut           ####....     1%          2    None
c - Spider Form           Tmut/Pois      ###.......   4%          3    ##.....
d - Confusing Touch       Hex            ###...       3%          1    None
e - Ice Form              Ice/Tmut       ####....     11%         4    ####...
f - Confuse               Hex            ###.....     10%         3    ##.....
g - Irradiate             Conj/Tmut      ###.......   61%         5    #####..

Your spell library contained the following spells:

 Spells                   Type           Power        Failure   Level  Hunger
 Slow                     Hex            ###.....     4%          2    None
 Ignite Poison            Fire/Tmut/Pois ###.....     9%          3    ##.....
 Magic Dart               Conj           #...         12%         1    None
 Blink                    Tloc           N/A          19%         2    None
 Call Imp                 Summ           #.......     19%         2    None
 Sublimation of Blood     Necr           #.........   19%         2    None
 Mephitic Cloud           Conj/Pois/Air  #.......     24%         3    ##.....
 Conjure Flame            Conj/Fire      #.......     36%         3    ##.....
 Gell's Gravitas          Tloc           #.........   36%         3    ##.....
 Blade Hands              Tmut           ####......   17%         5    #####..
 Petrify                  Tmut/Erth      ###.....     28%         4    ####...
 Alistair's Intoxication  Tmut/Pois      ###.....     36%         5    #####..
 Yara's Violent Unravell  Hex/Tmut       ###.......   36%         5    #####..
 Metabolic Englaciation   Hex/Ice        ###.......   54%         5    #####..


Dungeon Overview and Level Annotations

Branches:
Dungeon (11/15)            Temple (1/1) D:4             Orc (0/2) D:11
   Lair: D:8-11

Altars:
Ashenzari
Cheibriados
Dithmenos
Elyvilon
Fedhas
Gozag
Hepliaklqana
Kikubaaqudgha
Makhleb
Nemelex Xobeh
Okawaru
Qazlal
Ru
Sif Muna
Trog
Uskayaw
Vehumet
Wu Jian
Xom
Yredelemnul
Zin
The Shining One

Shops:
D:4 (:[*=   D:5 *   D:10 (

Annotations:
D:1 exclusion: downstairs
D:2 exclusion: downstairs
D:10 exclusion: 2 downstairs


Innate Abilities, Weirdness & Mutations

((You have hooves in place of feet.))
((You are mostly covered in thin metallic scales. (AC +3)))
((Your flesh is cold resistant. (rC+)))
You sometimes gain a little power by taking damage.
You are immune to freezing clouds.


Message History

The two-headed ogre hits you with a +0 dire flail!
* * * LOW HITPOINT WARNING * * *
You punch the two-headed ogre! You freeze the two-headed ogre.
The two-headed ogre is almost dead.
The two-headed ogre seems less confused.
The two-headed ogre misses you.
The two-headed ogre hits you with a +0 dire flail.
* * * LOW HITPOINT WARNING * * *
You punch the two-headed ogre! You freeze the two-headed ogre.
You kill the two-headed ogre!
Makhleb accepts your kill.
You feel better.
Training target 4.0 for Invocations reached!
Your Invocations skill increases to level 4!
There is an open door here.
Found a scroll of enchant weapon.
Found a chain mail.
A centaur zombie comes into view.
A demon appears!
The death yak gores you!!
You die...

#.###...##.#
#)#....O##.#
######<#.#..# #.#
#....)..[#[.###.##.#
#.####).[).[.).....#
##..##.##.#########
.....##.#...#####...
#.##.###.'[8.......8.
#.##.#.Y# #.#..)#####...
#......Y###.##.#[###'#.#
####....3...##)##)..##.#
##...#.####(##.>.##.#
##.##.# #†##...##.# #.
... ##.#'###'#.#
......##...## ##...
#......##.8.# #.8)
#.#?[.Z.#...# #...


You could see a death yak and a friendly smoke demon.

Vanquished Creatures
  2 centaur warriors (D:9)
  A two-headed ogre (D:11)
  An orc knight (Bailey)
  A manticore (D:9)
  A komodo dragon (D:10)
  2 dream sheep (D:7)
  2 hippogriffs
  Sigmund (D:6)
  A hungry ghost (D:10)
  3 humans (D:8)
  4 yaks
  Edmund (D:6)
  17 orc warriors
  2 ice beasts (D:9)
  6 sky beasts
  3 black bears
  A phantom (D:9)
  9 ogres
  6 centaurs
  9 big kobolds
  A wyvern zombie (D:7)
  A scorpion (D:9)
  6 killer bees
  An electric eel (D:10)
  3 howler monkeys
  4 crimson imps
  2 centaur zombies
  2 hounds
  12 orc priests
  10 orc wizards
  2 centaur skeletons (D:6)
  5 iguanas
  11 worker ants
  2 killer bee zombies
  A howler monkey skeleton (D:8)
  7 gnolls
  7 adders
  4 shadow imps
  4 oozes
  3 adder zombies
  3 adder skeletons
  2 worms
  A dart slug (D:1)
  5 leopard geckos
  105 orcs
  9 giant cockroaches
  9 hobgoblins
  18 jackals
  5 quokkas
  3 ball pythons
  A ball python skeleton (D:4)
  7 bats
  4 frilled lizards
  17 goblins
  28 kobolds
  2 leopard gecko zombies (D:6)
  A quokka zombie (D:9)
  14 rats
  3 plants (D:1)
398 creatures vanquished.

Vanquished Creatures (collateral kills)
  A hydra (D:8)
  2 adders
  A river rat (D:6)
  A ball python (D:6)
  A kobold (D:2)
  A rat (D:6)
7 creatures vanquished.

Vanquished Creatures (others)
  4 plants (D:1)
4 creatures vanquished.

Grand Total: 409 creatures vanquished

Notes
Turn   | Place    | Note
-------+----------+-------------------------------------------
     0 | D:1      | HobbitsSuk the Demonspawn Transmuter began the quest for
                  | the Orb.
     0 | D:1      | Reached XP level 1. HP: 15/15 MP: 3/3
   103 | D:1      | Reached skill level 3 in Unarmed Combat
   103 | D:1      | Gained mutation: You have large cloven feet. [demonic
                  | ancestry]
   103 | D:1      | Reached XP level 2. HP: 14/21 MP: 3/5
   414 | D:1      | Learned a level 2 spell: Sticks to Snakes
   941 | D:1      | Gained mutation: You have hoof-like feet. [demonic
                  | ancestry]
   941 | D:1      | Reached XP level 3. HP: 19/26 MP: 4/6
  1512 | D:1      | Learned a level 3 spell: Spider Form
  2914 | D:2      | Found a glowing silver altar of Zin.
  2942 | D:2      | Gained mutation: You are partially covered in thin metallic
                  | scales. (AC +2) [demonic ancestry]
  2942 | D:2      | Reached XP level 4. HP: 32/32 MP: 8/8
  4412 | D:3      | Gained mutation: You sometimes gain a little power by
                  | taking damage. [demonic ancestry]
  4412 | D:3      | Reached XP level 5. HP: 32/37 MP: 9/9
  4604 | D:3      | Found a shadowy altar of Dithmenos.
  4933 | D:3      | Reached skill level 4 in Unarmed Combat
  5386 | D:3      | Noticed a sky beast
  5523 | D:3      | Killed a sky beast
  5523 | D:3      | Reached skill level 1 in Poison Magic
  5523 | D:3      | Gained mutation: You are mostly covered in thin metallic
                  | scales. (AC +3) [demonic ancestry]
  5523 | D:3      | Reached XP level 6. HP: 29/44 MP: 9/11
  7058 | D:4      | Found a staircase to the Ecumenical Temple.
  7063 | Temple   | Entered the Ecumenical Temple
  7299 | Temple   | Became a worshipper of Makhleb the Destroyer
  7341 | D:4      | Found Goanaor's Jewellery Boutique.
  7369 | D:4      | Found Urhe's Assorted Antiques.
  7375 | D:4      | Bought an ancient iron ring for 140 gold pieces
  7375 | D:4      | Identified the ring of Cedelaa {+Blink rF+ Str+5 Slay-2}
                  | (You bought it in a shop on level 4 of the Dungeon)
  7556 | D:4      | Found an iron altar of Okawaru.
  7616 | D:4      | Learned a level 1 spell: Confusing Touch
  7640 | D:4      | Found Boghin's Antique Weapon Shoppe.
  7673 | D:4      | Found Cuhugrev's Book Shop.
  7731 | D:4      | Reached XP level 7. HP: 50/50 MP: 10/13
  7934 | D:4      | Found Urhe's Armour Emporium.
  8119 | D:5      | Entered Level 5 of the Dungeon
  8133 | D:5      | Reached skill level 1 in Hexes
  8654 | D:5      | Found Heqigouz's Assorted Antiques.
  9914 | D:6      | Noticed Sigmund
  9928 | D:6      | Killed Sigmund
  9928 | D:6      | Reached XP level 8. HP: 31/56 MP: 13/15
  9985 | D:6      | Reached * piety under Makhleb
  9989 | D:6      | Reached skill level 5 in Spellcasting
 10030 | D:6      | HP: 1/56 [orc warrior/+0 short sword of speed (6)]
 10432 | D:6      | Reached skill level 5 in Unarmed Combat
 10432 | D:6      | Reached skill level 5 in Transmutations
 10490 | D:6      | Found a glowing drain.
 10508 | Sewer    | Entered a sewer
 10646 | Sewer    | Learned a level 4 spell: Ice Form
 11031 | Sewer    | Reached skill level 1 in Ice Magic
 11045 | Sewer    | Reached ** piety under Makhleb
 11196 | D:6      | Noticed Edmund
 11222 | D:6      | Killed Edmund
 11318 | D:6      | Gained mutation: Your flesh is cold resistant. (rC+)
                  | [demonic ancestry]
 11318 | D:6      | Reached XP level 9. HP: 35/61 MP: 17/17
 11587 | D:6      | Reached skill level 6 in Unarmed Combat
 12538 | D:7      | Found a glowing golden altar of the Shining One.
 12562 | D:7      | Reached skill level 1 in Evocations
 13537 | D:7      | Found a snail-covered altar of Cheibriados.
 13538 | D:7      | Found a sacrificial altar of Ru.
 13540 | D:7      | Found a basalt altar of Yredelemnul.
 13542 | D:7      | Found a stormy altar of Qazlal.
 13619 | D:8      | Found a deep blue altar of Sif Muna.
 14144 | D:7      | Reached skill level 7 in Unarmed Combat
 14977 | D:8      | Reached *** piety under Makhleb
 15758 | D:8      | Gained mutation: You have hooves in place of feet. [demonic
                  | ancestry]
 15758 | D:8      | Reached XP level 10. HP: 61/67 MP: 17/19
 15808 | D:7      | Reached skill level 1 in Armour
 15808 | D:7      | Reached skill level 1 in Invocations
 15951 | D:8      | Reached skill level 8 in Unarmed Combat
 16336 | D:8      | Noticed a two-headed hydra
 16344 | D:8      | Killed a two-headed hydra
 16878 | D:9      | Found the +2 shield of Resistance {rF+ rC+ MR+}
 16878 | D:9      | Noticed a centaur warrior
 16882 | D:9      | Noticed a centaur warrior
 16882 | D:9      | Noticed a manticore
 16902 | D:9      | Killed a centaur warrior
 16902 | D:9      | Reached skill level 9 in Unarmed Combat
 16906 | D:9      | Killed a centaur warrior
 16915 | D:9      | HP: 1/80 [manticore (7)]
 16926 | D:9      | Killed a manticore
 16926 | D:9      | Gained mutation: You are immune to freezing clouds.
                  | [demonic ancestry]
 16926 | D:9      | Reached XP level 11. HP: 24/72 MP: 20/20
 16934 | D:9      | Reached **** piety under Makhleb
 17256 | D:9      | Got a glittering granite ring
 17262 | D:9      | Got agate-encrusted steam dragon scales
 17298 | D:9      | Identified the cursed +0 steam dragon scales "Obboz" {rElec
                  | rPois Regen+} (You found it on level 9 of the Dungeon)
 17299 | D:9      | Identified the ring "Baclemu" {Str+7 Int+3 Dex-3} (You
                  | found it on level 9 of the Dungeon)
 17676 | D:9      | Reached skill level 10 in Unarmed Combat
 18009 | D:10     | Entered Level 10 of the Dungeon
 18238 | D:10     | Found Reoloido's Weapon Shoppe.
 18294 | D:10     | Found a flagged portal.
 18300 | Bailey   | Entered a bailey
 18306 | Bailey   | Learned a level 3 spell: Confuse
 19111 | Bailey   | Noticed an orc knight
 19355 | Bailey   | Killed an orc knight
 19469 | Bailey   | Identified the +8 executioner's axe of Terra Nullius
                  | {distort, Str+2}
 20514 | D:11     | Noticed a two-headed ogre
 20860 | D:11     | Reached ***** piety under Makhleb
 20898 | D:11     | Found a staircase to the Orcish Mines.
 21197 | D:11     | Learned a level 5 spell: Irradiate
 21205 | D:11     | Noticed a two-headed ogre
 21205 | D:11     | Noticed a death yak
 21234 | D:11     | Killed a two-headed ogre
 21244 | D:11     | Slain by a death yak

Vault maps used:
D:1:      wander_arrival_chamber, serial_forest, infiniplex_forest_clump_cross,
          infiniplex_forest_side_room, infiniplex_forest_lined_1,
          infiniplex_forest_clump_medium, infiniplex_forest_clump_medium,
          infiniplex_forest_clump_small, infiniplex_forest_clump_tiny,
          infiniplex_forest_clump_large, infiniplex_forest_join
D:2:      overflow_temple_1_default, corexii_hall_statues_u, bh_walls_and_bars
D:3:      grunt_dithmenos_smoke, guppyfry_early_lair_pool
D:4:      minmay_temple_entry_trees, serial_shops, nicolae_shop_waterfront,
          nicolae_shop_trees, shop, shop, shop, okawaru_metal_pillars_1_2
D:5:      first_ration, serial_shops, shop
D:6:      portal_sewer_entry_b, uniq_sigmund, uniq_edmund
D:7:      lemuel_crystal_altar, minitemple, nrook_campfire
D:8:      special_room, basic_altar, hangedman_ranch, minmay_ruffians
D:9:      minmay_the_grid_triangle_9x9_recursive_2_mashed
D:10:     serial_shops, shop_statue, enter_bailey_3, serial_rivers,
          chequers_serial_rivers_small_b, chequers_serial_rivers_micro_c,
          chequers_serial_rivers_micro_e, chequers_serial_rivers_small_3,
          chequers_serial_rivers_small_b, grunt_ministairs_14, water_maze_lemuel
D:11:     dpeg_lair_monsters, hiddenorc2_lemuel, minmay_joined_circles
Temple:   regret_index_temple_generic_petals
Sewer:    kennysheep_pipe_town
Bailey:   bailey_polearm_2, bailey

Skill      XL: |  1  2  3  4  5  6  7  8  9 10 11 |
---------------+----------------------------------+-----
Unarmed Combat | 3 4 5 7 9 10 | 10.8
Transmutations | 2 3 4 5 6 7 |  7.2
Spellcasting   | 3 4 5 6 |  6.4
Poison Magic   | 1 2 3 |  3.3
Fighting       | 2 |  2.8
Hexes          | 2 3 |  3.3
Dodging        | 2 4 |  4.1
Ice Magic      | 1 3 4 |  4.8
Evocations     | 2 |  2.8
Armour         | 2 3 |  3.6
Invocations    | 3 4 |  4.0

Action                   |  1- 3 |  4- 6 |  7- 9 | 10-12 || total
-------------------------+-------+-------+-------+-------++-------
Melee: Unarmed           |   252 |       |   207 |   407 ||   866
       Kick              |    11 |       |       |    34 ||    45
       Headbutt          |    16 |     9 |    53 |    13 ||    91
       Punch             |     5 |     3 |     8 |     4 ||    20
       Dagger            |    46 |   279 |   316 |    40 ||   681
Throw: Stone             |       |     7 |     1 |       ||     8
       Tomahawk          |       |       |     4 |       ||     4
 Cast: Beastly Appendage |    19 |     9 |    31 |    14 ||    73
       Sticks to Snakes  |     1 |     2 |     7 |       ||    10
       Spider Form       |       |       |    23 |    15 ||    38
       Confusing Touch   |       |       |    42 |    57 ||    99
       Ice Form          |       |       |     3 |    30 ||    33
       Confuse           |       |       |       |    20 ||    20
Invok: Lesser Servant of |       |       |       |     2 ||     2
Evoke: Wand              |       |       |     2 |    25 ||    27
       Phantom mirror    |       |       |       |     1 ||     1
  Use: Scroll            |       |     7 |    14 |     4 ||    25
       Potion            |       |       |     3 |     5 ||     8
 Stab: Sleeping          |       |     1 |     3 |     1 ||     5
       Confused          |       |       |    21 |    25 ||    46
       Distracted        |       |       |       |     1 ||     1
       Paralysed         |       |       |       |     2 ||     2
  Eat: Chunk             |     7 |    16 |    27 |    19 ||    69
       Ration            |       |       |       |     2 ||     2
Armor: Robe              |    19 |    79 |    81 |       ||   179
       Skin              |       |       |    24 |    42 ||    66
       Leather armour    |       |       |       |    11 ||    11
       Steam dragon scal |       |       |       |     8 ||     8
Dodge: Dodged            |    87 |   177 |   355 |   275 ||   894

Table legend:
 A = Non-vault XP
 B = Vault XP
 C = Vault XP percentage of total XP
 D = Non-vault monster count
 E = Vault monster count
 F = Vault count percentage of total count
                 A         B        C        D         E       F
            +---------+---------+-------+---------+---------+-------
      Total |    8390 |    9468 |  53.0 |     262 |     140 |  34.8
            +---------+---------+-------+---------+---------+-------
        D:1 |      55 |       0 |   0.0 |      29 |       0 |   0.0
        D:2 |      66 |       0 |   0.0 |      26 |       0 |   0.0
        D:3 |     349 |       0 |   0.0 |      41 |       0 |   0.0
        D:4 |     428 |       0 |   0.0 |      23 |       0 |   0.0
        D:5 |     491 |       0 |   0.0 |      18 |       0 |   0.0
        D:6 |     968 |     415 |  30.0 |      23 |       7 |  23.3
        D:7 |     970 |     513 |  34.6 |      18 |       3 |  14.3
        D:8 |     849 |    2415 |  74.0 |      27 |      33 |  55.0
        D:9 |    1333 |    3031 |  69.5 |      26 |       9 |  25.7
       D:10 |    1562 |     191 |  10.9 |      22 |      12 |  35.3
       D:11 |    1319 |     698 |  34.6 |       9 |      26 |  74.3
      Sewer |       0 |     510 | 100.0 |       0 |      24 | 100.0
     Bailey |       0 |    1695 | 100.0 |       0 |      26 | 100.0
            +---------+---------+-------+---------+---------+-------
